 Dungeon Crawl Stone Soup version 0.18-a0-1078-gebb93d0 (webtiles) character file.

148 ater218 the Covert (level 5, 0/26 HPs)
             Began as a Spriggan Assassin on Jan 14, 2016.
             Was a Follower of Yredelemnul.
             Killed from afar by an orc wizard (5 damage)
             ... with a magic dart
             ... on level 3 of the Dungeon.
             The game lasted 00:10:55 (3551 turns).

ater218 the Covert (Spriggan Assassin)              Turns: 3551, Time: 00:10:55

Health: 0/26       AC:  3    Str:  7    XL:     5   Next: 8%
Magic:  6/6        EV: 18    Int: 13    God:    Yredelemnul [*.....]
Gold:   146        SH:  0    Dex: 18    Spells: 0 memorised, 4 levels left

rFire  . . .     SeeInvis +     j - +1 short sword (drain)
rCold  . . .     Gourm    .     c - +0 robe
rNeg   . . .     Faith    .     (shield restricted)
rPois  .         Spirit   .     (helmet restricted)
rElec  .         Dismiss  .     d - +0 cloak
rCorr  .         Reflect  .     (gloves unavailable)
SustAt .         Harm     .     (boots unavailable)
MR     .....                    (no amulet)
Stlth  +++++.....               (no ring)
                                (no ring)

@: about to teleport, very quick, not resistant to hostile enchantments, quite
stealthy
A: unfitting armour, see invisible, herbivore 3, speed 3, slow metabolism 2
a: Animate Remains, Renounce Religion


You were on level 3 of the Dungeon.
You worshipped Yredelemnul.
Yredelemnul was aware of your devotion.
You were not hungry.

You visited 1 branch of the dungeon, and saw 3 of its levels.

You collected 146 gold pieces.

Inventory:

Hand Weapons
 a - a +2 dagger
 b - a +0 blowgun
 j - a +1 short sword of draining (weapon)
Missiles
 e - 23 poisoned needles
 f - 2 curare-tipped needles
 y - 7 needles of sleeping
Armour
 c - a +0 robe (worn)
 d - a +0 cloak (worn)
 w - a +0 pair of boots
Scrolls
 i - a scroll of blinking
 m - 4 scrolls of remove curse
 q - 2 scrolls of fear {unknown}
 u - a scroll of recharging {unknown}
 v - 2 scrolls of noise {unknown}
 x - a scroll of enchant armour {unknown}
Potions
 k - a potion of ambrosia {unknown}
 l - 2 potions of brilliance {unknown}
 n - a potion of curing {unknown}
 r - a potion of resistance {unknown}
 t - a potion of heal wounds {unknown}
Books
 s - a book of Clouds

   Spells                             Type                      Level
   a - Mephitic Cloud                 Conjuration/Poison/Air       3
   b - Conjure Flame                  Conjuration/Fire             3
   c - Poisonous Cloud                Conjuration/Poison/Air       6
   d - Freezing Cloud                 Conjuration/Ice/Air          6
   e - Ring of Flames                 Charms/Fire                  7
Comestibles
 g - 3 bread rations
 h - a slice of pizza


   Skills:
 + Level 1.7 Fighting
 * Level 3.4 Short Blades
 - Level 2.0 Throwing
 + Level 2.7 Dodging
 * Level 8.4 Stealth


You had 4 spell levels left.
You didn't know any spells.

Dungeon Overview and Level Annotations

Branches:
Dungeon (3/15)

Altars:
Ashenzari
Dithmenos
Kikubaaqudgha
Makhleb
Nemelex Xobeh
Okawaru
Pakellas
Qazlal
Sif Muna
Vehumet
Yredelemnul
Zin
The Shining One


Innate Abilities, Weirdness & Mutations

You are tiny and cannot use many weapons and most armour.
You have supernaturally acute eyesight.
You are a herbivore.
You cover ground extremely quickly.
You need consume almost no food.


Message History

The orc wizard casts a spell.
The orc wizard blinks!
You hit the orc wizard. You drain the orc wizard!
The orc wizard is moderately wounded.
The orc wizard closely misses you.
The orc hits you from afar with a trident.
The orc wizard misses you.
The orc hits you from afar with a trident.
* * * LOW HITPOINT WARNING * * *
The orc wizard closely misses you.
The orc throws a tomahawk.
The tomahawk misses you.
You see here a tomahawk.
The orc wizard casts a spell at you.
You easily resist.
As you read the scroll of teleportation, it crumbles to dust.
You feel strangely unstable.
The orc wizard points at you and mumbles some strange words.
The magic dart hits you!
You die...
Your body rises from the dead as a mindless zombie.

....... ...#####......
####### #.#...o...... ##
#....)....... .####
##...o..##### ...P##
#(######
.....######..##########.
...P...........o........
.#...P######..##......#
.##..P# ##.##@.....#
.#.P..#### #..#......#
...P...... ##.#......#
......###.# .#......#
....).%.# ........#
.######%######..###'###
## #.#...#<.... .#
#..†#.#..### .#
####..)....#


You could see an orc wizard.

Vanquished Creatures
  Ijyb (D:2)
  5 adders
  2 worms (D:2)
  3 giant geckos
  9 orcs (D:3)
  A ball python (D:2)
  A giant cockroach (D:1)
  4 hobgoblins
  5 jackals
  9 kobolds
  A quokka (D:2)
  11 bats
  2 giant newts
  3 goblins
  5 rats
62 creatures vanquished.

Notes
Turn   | Place    | Note
--------------------------------------------------------------
     0 | D:1      | ater218 the Spriggan Assassin began the quest for the Orb.
     0 | D:1      | Reached XP level 1. HP: 10/10 MP: 2/2
    17 | D:1      | Reached skill level 6 in Stealth
   238 | D:1      | Reached XP level 2. HP: 12/14 MP: 3/3
  1499 | D:2      | Found an oddly glowing altar of Pakellas.
  1499 | D:2      | Found a stormy altar of Qazlal.
  1500 | D:2      | Found a burning altar of Makhleb.
  1501 | D:2      | Found an iron altar of Okawaru.
  1501 | D:2      | Found a deep blue altar of Sif Muna.
  1501 | D:2      | Found a glowing silver altar of Zin.
  1502 | D:2      | Found a basalt altar of Yredelemnul.
  1502 | D:2      | Found a sparkling altar of Nemelex Xobeh.
  1525 | D:2      | Reached skill level 7 in Stealth
  1532 | D:2      | Became a worshipper of Yredelemnul the Dark
  1567 | D:2      | Reached XP level 3. HP: 18/18 MP: 4/4
  1575 | D:2      | Noticed Ijyb
  1590 | D:2      | Killed Ijyb
  1767 | D:2      | Found a glowing golden altar of the Shining One.
  1769 | D:2      | Found a radiant altar of Vehumet.
  1845 | D:2      | Reached XP level 4. HP: 20/22 MP: 5/5
  2263 | D:2      | Reached skill level 8 in Stealth
  2269 | D:2      | Found a shadowy altar of Dithmenos.
  2277 | D:2      | Found a shattered altar of Ashenzari.
  2705 | D:3      | Found a faded altar to an unknown god.
  3431 | D:3      | Found an ancient bone altar of Kikubaaqudgha.
  3439 | D:3      | Reached * piety under Yredelemnul
  3537 | D:3      | Reached XP level 5. HP: 21/26 MP: 6/6
  3551 | D:3      | Killed from afar by an orc wizard

Vault maps used:
D:1:      dpeg_arrival_rooms_c, minmay_liquid_box
D:2:      nicolae_overflow_hidden_temple, grunt_temple_overflow_open,
          first_bread, uniq_iyjb
D:3:      kiku_gazebo_garden_becter, ecumenical_altar_1, uniq_crazy_yiuf_cottage

Action                   |  1- 3 |  4- 6 || total
-------------------------+-------+-------++-------
Melee: Dagger            |    55 |       ||    55
       Short sword       |    34 |    83 ||   117
  Use: Scroll            |     3 |     4 ||     7
 Stab: Sleeping          |    11 |     6 ||    17
